 Dungeon Crawl Stone Soup version 0.30.0-15-g856e2d3f33 (webtiles) character file.

Game seed: 11089833212323764650

284 qw the Chopper (level 6, -6/37 HPs)
             Began as a Gargoyle Fighter on May 20, 2023.
             Blown up by Ijyb (10 damage)
             ... with a mindburst bolt
             ... on level 3 of the Dungeon.
             The game lasted 00:01:14 (2143 turns).

qw the Chopper (Gargoyle Fighter)                   Turns: 2143, Time: 00:01:14

Health: -6/37      AC: 23    Str: 21    XL:     6   Next: 29%
Magic:  6/6        EV:  9    Int:  9    God:
Gold:   600        SH:  4    Dex:  9    Spells: 5/5 levels left

rFire   . . .        Y - +1 war axe (protect)
rCold   . . .        c - +0 buckler
rNeg    + . .        b - +0 scale mail
rPois   inf          e - +2 hat
rElec   +            (no cloak)
rCorr   .            (no gloves)
SInv    .            i - +2 pair of boots
Will    .....        (no amulet) Stlth
                     (no ring)
HPRegen 0.26/turn    (no ring)
MPRegen 0.10/turn

%: no passive effects
@: under a protective aura
A: sickness immunity, AC +4, negative energy resistance 1, electricity
resistance, torment resistance 1, petrification resistance
a: no special abilities


You were on level 3 of the Dungeon.
You visited 1 branch of the dungeon, and saw 3 of its levels.

You collected 600 gold pieces.


Innate Abilities, Weirdness & Mutations

You are immune to sickness and miasma.
Your stone body is resilient. (AC +4)
You are immune to poison.
You resist negative energy. (rN+)
You are resistant to electric shocks. (rElec)
You are resistant to unholy torment.
You are immune to petrification.


   Skills:
 + Level 3.2 Fighting
 - Level 5.9 Axes
 - Level 3.2 Armour
 - Level 3.2 Shields


You had 5 spell levels left.
You didn't know any spells.
Your spell library was empty.

Inventory:

Hand Weapons
 h - a +0 club
 Y - a +1 war axe of protection (weapon)
Armour
 a - the +15 Maxwell's patent armour {-Cast -Tele rElec Will+ rCorr}
   (You acquired it on level 1 of the Dungeon)

   rElec:     It insulates you from electricity.
   -Cast:     It prevents spellcasting.
   -Tele:     It prevents most forms of teleportation.
   rCorr:     It protects you from acid and corrosion.
   Will:      It increases your willpower.
 b - a +0 scale mail (worn)
 c - a +0 buckler (worn)
 e - a +2 hat (worn)
 i - a +2 pair of boots (worn)
Scrolls
 j - a scroll of identify
Potions
 d - a potion of might
 l - a potion of cancellation {unknown}

Dungeon Overview and Level Annotations

Branches:
Dungeon (3/15)

Altars:

Annotations:
D:3 Ijyb


Message History

Something hits you but does no damage.
You swing at nothing.
Something hits you.
You swing at nothing.
Something completely misses you.
You swing at nothing.
Something hits you but does no damage.
You swing at nothing.
Something hits you!
You swing at nothing.
Sigmund appears from thin air!
Reactivating autopickup.
Sigmund barely misses you.
You see here a ball python corpse.
You slash Sigmund!
Your weapon exudes an aura of protection.
Sigmund is almost dead.
Sigmund gestures at you while chanting.
The puff of flame hits you but does no damage.
You block Sigmund's attack.
You closely miss Sigmund.
Sigmund is almost dead.
You slash Sigmund!
You kill Sigmund!
Ijyb the Twisted Goblin comes into view.
She is wielding a +3 dagger and carrying a wand of mindburst (2).
Your Axes skill increases to level 5!
You have reached level 6!
Ijyb shouts!
Things that are here:
a +0 scythe; a +0 robe Ijyb zaps a wand.
Your mind is blasted!
You slash Ijyb!
Ijyb is moderately wounded.
Ijyb hits you but does no damage.
You closely miss Ijyb.
Ijyb is moderately wounded.
Ijyb closely misses you.
You hit Ijyb.
Ijyb is heavily wounded.
Ijyb barely misses you.
Ijyb zaps a wand.
Your mind is blasted!
You die...

##...#. #.
#......#..
.........#
#......#.#
...#.#.##
......##
##.g...###.#
#..@........
#.......#.#
#./).)..#.#
##<%.......#
##.........
#).#####..
#.## # ..#
..#


You could see Ijyb.

Vanquished Creatures
  Sigmund (D:3)
  Jessica (D:3)
  2 adders (D:2)
  2 worms (D:2)
  3 dart slugs (D:1)
  7 endoplasms
  4 giant cockroaches
  5 goblins
  7 hobgoblins
  2 jackals (D:3)
  4 quokkas
  8 ball pythons
  5 bats
  3 frilled lizards (D:2)
  6 kobolds
  4 rats (D:1)
64 creatures vanquished.

Notes
Turn   | Place    | Note
-------+----------+-------------------------------------------
     0 | D:1      | qw the Gargoyle Fighter began the quest for the Orb.
     0 | D:1      | Reached XP level 1. HP: 14/14 MP: 1/1
     0 | D:1      | 0 ||| qw: Version: 0.2-a-97-g499787f
     0 | D:1      | 0 ||| qw: Game counter: 72
     0 | D:1      | 0 ||| qw: Always use a shield: true
     0 | D:1      | 0 ||| qw: God list: Okawaru
     0 | D:1      | 0 ||| qw: Allow faded altars: false
     0 | D:1      | 0 ||| qw: Do Orc after D:15 true
     0 | D:1      | 0 ||| qw: Do second Lair branch before Depths: true
     0 | D:1      | 0 ||| qw: Lair rune preference: random
     0 | D:1      | 0 ||| qw: Plans: Normal, Zot:1-4, God:TSO, Crypt, Tomb,
                  | Pan, Slime:5, Hells, Abyss, Win
     0 | D:1      | 0 ||| PLANNING D:1-11
    38 | D:1      | Reached skill level 2 in Axes
    45 | D:1      | 45 ||| Stepping ~*~*~tactically~*~*~ (stealth).
    49 | D:1      | 49 ||| Stepping ~*~*~tactically~*~*~ (stealth).
    90 | D:1      | 90 ||| Stepping ~*~*~tactically~*~*~ (hiding).
    94 | D:1      | 94 ||| Stepping ~*~*~tactically~*~*~ (hiding).
   148 | D:1      | Reached XP level 2. HP: 19/19 MP: 2/2
   340 | D:1      | 340 ||| Stepping ~*~*~tactically~*~*~ (hiding).
   441 | D:1      | Reached skill level 3 in Axes
   454 | D:1      | Reached XP level 3. HP: 23/23 MP: 3/3
  1015 | D:1      | 1015 ||| UPGRADING to +2 hat.
  1020 | D:1      | 1020 ||| UPGRADING to +1 pair of boots.
  1025 | D:1      | 1025 ||| DROPPING ring of magical power.
  1026 | D:1      | 1026 ||| READING 2 scrolls labelled LUQ BO QOSHRA.
  1027 | D:1      | 1027 ||| READING scroll of enchant armour.
  1027 | D:1      | 1027 ||| ENCHANTING +1 pair of boots.
  1028 | D:1      | 1028 ||| READING scroll labelled GUUVEG MUTU.
  1029 | D:1      | 1029 ||| READING 2 scrolls labelled NAL NOLURGHAFA.
  1030 | D:1      | 1030 ||| READING scroll labelled DUFYTYDWAA.
  1031 | D:1      | 1031 ||| READING scroll labelled VEABEW UCHIGE.
  1031 | D:1      | Identified a scroll of acquirement
  1031 | D:1      | 1031 ||| ACQUIRING +15 Maxwell's patent armour {-Cast -Tele
                  | rElec Will+ rCorr}
  1031 | D:1      | Acquired the +15 Maxwell's patent armour {-Cast -Tele rElec
                  | Will+ rCorr}
  1031 | D:1      | Found the +15 Maxwell's patent armour {-Cast -Tele rElec
                  | Will+ rCorr}
  1033 | D:1      | 1033 ||| READING scroll labelled NATYQU RY BUSU.
  1134 | D:1      | 1134 ||| READING scroll labelled WYMAUDILIU.
  1158 | D:2      | 1158 ||| STAIRDANCE
  1465 | D:2      | Reached XP level 4. HP: 28/28 MP: 4/4
  1546 | D:2      | 1546 ||| READING scroll of acquirement.
  1546 | D:2      | 1546 ||| ACQUIRING 503 gold pieces
  1546 | D:2      | Acquired 503 gold pieces
  1663 | D:2      | Reached skill level 4 in Axes
  2056 | D:2      | 2056 ||| READING scroll labelled OTHAFIFOA.
  2059 | D:2      | 2059 ||| READING scroll labelled UKKIHA VAUHA.
  2060 | D:2      | 2060 ||| READING 2 scrolls labelled JUEX HAPTY.
  2061 | D:2      | 2061 ||| DRINKING 2 murky golden potions.
  2062 | D:2      | 2062 ||| READING 3 scrolls of identify.
  2062 | D:2      | 2062 ||| IDENTIFYING glowing red potion
  2063 | D:2      | 2063 ||| READING 2 scrolls of identify.
  2063 | D:2      | 2063 ||| IDENTIFYING dark potion
  2064 | D:2      | 2064 ||| DROPPING potion of berserk rage.
  2065 | D:2      | 2065 ||| DROPPING potion of flight.
  2066 | D:2      | 2066 ||| DROPPING scroll of fog.
  2096 | D:3      | Noticed Sigmund
  2100 | D:3      | Noticed Jessica
  2122 | D:3      | HP: 6/28 [Jessica/+0 dagger (2)]
  2123 | D:3      | 2123 ||| DRINKING potion of heal wounds.
  2124 | D:3      | Killed Jessica
  2125 | D:3      | Reached XP level 5. HP: 23/32 MP: 5/5
  2137 | D:3      | Killed Sigmund
  2137 | D:3      | Noticed Ijyb
  2138 | D:3      | Reached skill level 5 in Axes
  2138 | D:3      | Reached XP level 6. HP: 17/37 MP: 6/6
  2140 | D:3      | HP: 3/37 [disintegration (15)]
  2143 | D:3      | Blown up by Ijyb

Levels and vault maps discovered:
D:1:      dpeg_arrival_refuge, layout_basic, chequers_serial_rivers_small_b,
          minmay_fountain_box, hangedman_abyss_or_decor_lesser_grid,
          minmay_vboxes
D:2:      layout_loops_corners, minmay_misc_feat_secret_circle, st_stairs_13,
          grunt_decor_mini_mirrors
D:3:      layout_loops_ring, nicolae_overflow_crystal_walls,
          nicolae_ashenzari_panopticon, serial_shops, shop,
          nicolae_ecumenical_pavilion, uniq_jessica, uniq_ijyb, uniq_sigmund

Skill      XL: |  1  2  3  4  5 |
---------------+----------------+-----
Axes           | 2 3 4 5 |  5.9
Fighting       | |  3.2
Armour         | |  3.2
Shields        | |  3.2

Action                     |  1- 3 |  4- 6 || total
---------------------------+-------+-------++-------
  Melee: War axe           |   113 |    70 ||   183
    Use: Scroll            |     8 |     6 ||    14
         Potion            |       |     2 ||     2
 Armour: Scale mail        |    55 |    44 ||    99
  Dodge: Dodged            |    51 |    36 ||    87
  Block: Buckler           |    16 |    17 ||    33

Table legend:
 A = Non-vault XP
 B = Vault XP
 C = Vault XP percentage of total XP
 D = Non-vault monster count
 E = Vault monster count
 F = Vault count percentage of total count
                 A         B        C        D         E       F
            +---------+---------+-------+---------+---------+-------
      Total |     130 |     277 |  68.1 |      57 |       7 |  10.9
            +---------+---------+-------+---------+---------+-------
        D:1 |      50 |       7 |  12.3 |      27 |       4 |  12.9
        D:2 |      72 |       2 |   2.7 |      26 |       1 |   3.7
        D:3 |       8 |     268 |  97.1 |       4 |       2 |  33.3
            +---------+---------+-------+---------+---------+-------
